 Dungeon Crawl Stone Soup version 0.27.0-1-g7a089689b8 (webtiles) character file.

Game seed: 6925712177974476773

173285 MirrMurr the Fighter (level 17, -1/140 HPs)
             Began as a Demonspawn Berserker on Aug 5, 2021.
             Was the Champion of Trog.
             Killed from afar by a shock serpent (9 damage)
             ... with a bolt of electricity
             ... on level 3 of the Snake Pit on Aug 6, 2021.
             The game lasted 01:22:38 (40000 turns).

MirrMurr the Fighter (Demonspawn Berserker)        Turns: 40000, Time: 01:22:40

Health: -1/140     AC: 31    Str: 19    XL:     17   Next: 42%
Magic:  17/17      EV: 11    Int: 10    God:    Trog [******]
Gold:   2437       SH: 17    Dex: 13    Spells: 16/16 levels left

rFire    + + .     SeeInvis .   a - +5 demon trident (venom)
rCold    . . .     Faith    .   x - +0 tower shield
rNeg     + + +     Spirit   .   o - +3 plate armour {Will+}
rPois    +         Reflect  .   (helmet unavailable)
rElec    .         Harm     .   A - +2 cloak
rCorr    +         Rampage  .   n - +2 pair of gloves
Will     ++...                  y - +2 pair of boots {Stlth+}
Stlth    ..........             K - amulet of regeneration
HPRegen  1.33/turn              O - ring of Tulips {rF++ rN+++ rCorr EV+4 Str-4}
MPRegen  0.15/turn              C - ring of poison resistance

@: studying Throwing
A: horns 3, molten scales 2, powered by pain 2, demonic magic 2
a: Renounce Religion, Berserk, Trog's Hand, Brothers in Arms


You were on level 3 of the Snake Pit.
You worshipped Trog.
Trog was exalted by your worship.
You visited 4 branches of the dungeon, and saw 26 of its levels.
You also visited: Ossuary, Bailey and Volcano.

You collected 3081 gold pieces.
You spent 644 gold pieces at shops.

Inventory:

Hand Weapons
 a - a +5 demon trident of venom (weapon)
 b - a +3 hunting sling of freezing
 w - a +4 demon trident of flaming
Missiles
 g - 519 stones
 h - 201 sling bullets
 p - 89 poisoned darts
 u - 4 throwing nets
 J - 25 boomerangs (quivered)
 P - 29 javelins
Armour
 n - a +2 pair of gloves (worn)
 o - a +3 plate armour of willpower (worn)
 x - a +0 tower shield (worn)
 y - a +2 pair of boots of stealth (worn)
 A - a +2 cloak (worn)
Jewellery
 q - the ring of Allooga {+Blink rC+}
   (You acquired it on level 6 of the Dungeon)

   [ring of protection from cold]

   rC:        It protects you from cold.
   +Blink:    It lets you blink.
 C - a ring of poison resistance (right hand)
 K - an amulet of regeneration (around neck)
 O - the ring of Tulips (left hand) {rF++ rN+++ rCorr EV+4 Str-4}
   (You acquired it on level 3 of the Lair of Beasts)

   [ring of evasion]

   EV:        It affects your evasion (+4).
   Str:       It affects your strength (-4).
   rF:        It greatly protects you from fire.
   rN:        It renders you almost immune to negative energy.
   rCorr:     It protects you from acid and corrosion.
 V - the ring of Midwinter {Will+ Int+6 Dex+4 SInv}
   (You found it on level 2 of the Snake Pit)

   [ring of intelligence]

   Int:       It affects your intelligence (+6).
   Dex:       It affects your dexterity (+4).
   SInv:      It lets you see invisible.
   Will:      It increases your willpower.
Wands
 t - a wand of digging (6)
 G - a wand of iceblast (40)
 H - a wand of charming (12)
 I - a wand of mindburst (22)
 L - a wand of acid (12)
 R - a wand of paralysis (6)
Scrolls
 c - 3 scrolls of enchant armour
 i - 5 scrolls of identify
 k - 6 scrolls of magic mapping
 l - 10 scrolls of teleportation
 r - a scroll of enchant weapon
 M - 2 scrolls of immolation
 N - a scroll of silence
 Q - 4 scrolls of fog
Potions
 d - 11 potions of curing
 e - 5 potions of flight
 f - 7 potions of might
 j - 6 potions of haste
 m - 8 potions of heal wounds
 s - 2 potions of resistance
 v - 3 potions of invisibility
 z - 2 potions of cancellation
 B - 2 potions of berserk rage
 D - 6 potions of magic
 E - 2 potions of mutation
 F - 12 potions of degeneration
 S - a potion of ambrosia


   Skills:
 * Level 14.7 Fighting
 - Level 14.0 Polearms
 + Level 10.7 Throwing
 + Level 11.7 Armour
 + Level 11.8 Dodging
 + Level 10.7 Shields


You had 16 spell levels left.
You didn't know any spells.
Your spell library was empty.

Dungeon Overview and Level Annotations

Branches:
Dungeon (15/15)            Temple (0/1) D:5            Lair (6/6) D:11
 Shoals (0/4) Lair:3        Snake (3/4) Lair:2        Slime (0/5) Lair:6
    Orc (2/2) D:10            Elf (0/3) Orc:2        Vaults (0/5) D:13
 Depths (0/5) D:15        Ossuary (visited)          Bailey (visited)
Volcano (visited)

Altars:
Ashenzari
Cheibriados
Elyvilon
Fedhas
Gozag
Makhleb
Nemelex Xobeh
Okawaru
Qazlal
Uskayaw
Xom
The Shining One

Shops:
D:4 *   D:5 ((   D:9 =   D:13 [   Orc:2 ([*[:   Snake:1 *((?

Annotations:
D:11 come back


Innate Abilities, Weirdness & Mutations

You have a pair of large horns on your head.
You are mostly covered in molten scales. (AC +3)
You sometimes gain power by taking damage.
Spells you cast may paralyse nearby enemies.


Message History

The shock serpent shoots out a bolt of lightning at you!
The bolt of electricity hits you. The bolt of electricity hits you!!
You see here a potion of magic.
You are too injured to fight recklessly!
You are too injured to fight recklessly!
You are too injured to fight recklessly!
You are too injured to fight recklessly!
The shock serpent shoots out a bolt of lightning at you!
The bolt of electricity hits you but does no damage.
Your plate armour prevents you from hitting the shock serpent.
Your headbutt misses the shock serpent. The shock serpent misses you.
Okay, then.
You puncture the shock serpent!
The shock serpent looks as sick as possible!
The shock serpent is moderately wounded.
The shock serpent's electric aura discharges, shocking you!
The shock serpent bites you but does no damage.
Okay, then.
You puncture the shock serpent!
The shock serpent is heavily wounded.
The shock serpent's electric aura discharges, shocking you!
The shock serpent barely misses you. You block the shock serpent's attack.
You miss the shock serpent.
The shock serpent is heavily wounded.
The shock serpent's electric aura discharges, shocking you!
The shock serpent bites you! The shock serpent shocks you!
* * * LOW HITPOINT WARNING * * *
You puncture the shock serpent! Your headbutt misses the shock serpent.
The shock serpent is almost dead.
The shock serpent's electric aura discharges, shocking you!
* * * LOW HITPOINT WARNING * * *
The shock serpent bites you.
* * * LOW HITPOINT WARNING * * *
The shock serpent shocks you!
* * * LOW HITPOINT WARNING * * *
The shock serpent shoots out a bolt of lightning at you!
The bolt of electricity hits you!
* * * LOW HITPOINT WARNING * * *
The bolt of electricity hits you!
You die...

...:#.#
##..#.#
....#.#
..#.#.#
#...#.#
.<..#.# #####
##..#.# #...#
(...#.####
#.#.#########
#........#
#.#.!@S......
##.#####.#
#.##########.
......##.# #.#
###.#.##.###.#
....#.##.....#
#####.########
......#
#######


You could see a shock serpent (extremely poisoned).

Vanquished Creatures
  Kirke (Snake:2)
  Gastronok (Lair:2)
  A nagaraja (Snake:2)
  A frost giant (D:14)
  An orc warlord (Orc:2)
  Nessos (Orc:2)
  Azrael (Orc:1)
  A dire elephant (D:15)
  Snorg (D:13)
  Josephine (Lair:6)
  A yaktaur captain (D:14)
  7 naga warriors
  15 hydras
  Harold (D:11)
  5 boulder beetles
  A fire dragon (Volcano)
  10 centaur warriors
  A death knight (D:10)
  An anaconda (shapeshifter) (D:14)
  An ogre mage (D:15)
  5 anacondas
  3 death yaks
  9 two-headed ogres
  A catoblepas (D:14)
  3 tengu warriors (D:15)
  6 naga sharpshooters
  An orc high priest (Orc:2)
  Urug (Lair:6)
  2 shock serpents (Snake:1)
  4 sun demons (Volcano)
  A fire crab (shapeshifter) (D:13)
  3 naga ritualists
  4 deep elf pyromancers
  A phantasmal warrior (D:14)
  A lindwurm (Lair:5)
  Pikel (D:5)
  4 mana vipers
  3 orc knights
  5 orc sorcerers
  An orb spider (shapeshifter) (D:14)
  3 ugly things
  2 wolf spiders (Lair:6)
  A moth of wrath (shapeshifter) (D:10)
  2 manticores
  7 cyclopes
  4 salamanders
  3 elephants (Lair:1)
  2 guardian serpents
  25 black mambas
  4 torpor snails
  22 cane toads
  2 centaur skeletons (D:13)
  A smoke demon (Volcano)
  Maggie (D:8)
  A cane toad (shapeshifter) (D:13)
  7 naga magi
  4 yaktaurs (D:12)
  4 rime drakes
  A tengu conjurer (D:15)
  2 efreet
  13 komodo dragons
  An unseen horror (D:9)
  4 polar bears
  7 trolls
  A wolf spider simulacrum (D:14)
  18 blink frogs
  Prince Ribbit (D:4)
  3 hornets
  13 slime creatures
  7 dream sheep (Lair:4)
  A raiju (shapeshifter) (D:13)
  A meliai zombie (D:13)
  A centaur simulacrum (D:13)
  A redback (Lair:6)
  5 wraiths
  2 shadows
  57 yaks
  4 fire elementals
  3 fire bats (Lair:5)
  13 wyverns
  4 basilisks
  6 steam dragons
  4 vampire mosquitoes (D:12)
  Edmund (D:5)
  10 nagas
  2 acid dragons
  25 water moccasins
  4 hell hounds
  A swamp drake (D:10)
  30 orc warriors
  5 black bears
  4 sky beasts
  9 ogres
  2 necrophages
  4 wolves (Lair:4)
  20 centaurs
  2 lemures
  A kobold brigand (D:9)
  12 bullfrogs
  A gnoll sergeant (D:10)
  4 scorpions
  A wyvern skeleton (D:7)
  A water moccasin skeleton (D:7)
  12 killer bees
  9 wights
  4 electric eels
  4 howler monkeys
  5 centaur zombies
  2 jellies (D:6)
  A bullfrog skeleton (D:5)
  8 orc priests
  3 hounds
  2 gnoll shamans
  20 orc wizards
  A hell rat (Lair:3)
  2 killer bee zombies
  8 mummies (Ossuary)
  Robin (D:3)
  11 gnolls
  3 howler monkey skeletons
  3 adders
  A shadow imp (D:8)
  A white imp (D:4)
  An adder skeleton (D:4)
  5 worms
  3 dart slugs
  68 orcs
  7 endoplasms
  2 giant cockroaches (D:1)
  22 goblins
  13 hobgoblins
  13 kobolds
  2 quokkas
  3 ball pythons
  A bat (D:2)
  A frilled lizard (D:1)
  2 gnoll zombies (Ossuary)
  3 hobgoblin zombies (Ossuary)
  3 kobold zombies (Ossuary)
  6 rats
775 creatures vanquished.

Vanquished Creatures (collateral kills)
  A bullfrog (D:5)
  An orc (D:5)
2 creatures vanquished.

Vanquished Creatures (others)
  4 humans (Snake:2)
  An orc warrior (Orc:2)
  An orc (D:10)
  37 fungi
  126 plants
169 creatures vanquished.

Grand Total: 946 creatures vanquished

Notes
Turn   | Place    | Note
-------+----------+-------------------------------------------
     0 | D:1      | MirrMurr the Demonspawn Berserker began the quest for the
                  | Orb.
     0 | D:1      | Reached XP level 1. HP: 18/18 MP: 1/1
   540 | D:1      | Gained mutation: You have a pair of small horns on your
                  | head. [demonic ancestry]
   540 | D:1      | Reached XP level 2. HP: 24/24 MP: 2/2
  1236 | D:1      | Gained mutation: You sometimes gain a little power by
                  | taking damage. [demonic ancestry]
  1236 | D:1      | Reached XP level 3. HP: 21/29 MP: 3/3
  1448 | D:2      | Found a broken altar of Ashenzari.
  1455 | D:2      | Reached ** piety under Trog
  2228 | D:3      | Noticed Robin
  2486 | D:3      | HP: 1/43 [Robin (8)]
  2487 | D:3      | Killed Robin
  2488 | D:3      | Gained mutation: Spells you cast may paralyse adjacent
                  | enemies. [demonic ancestry]
  2488 | D:3      | Reached XP level 4. HP: 1/35 MP: 4/4
  3047 | D:3      | Found a faded altar of an unknown god.
  3626 | D:3      | Found an iron altar of Okawaru.
  3626 | D:3      | Found a sparkling altar of Nemelex Xobeh.
  3915 | D:4      | Noticed an ogre
  3923 | D:4      | Killed an ogre
  3924 | D:4      | Reached XP level 5. HP: 42/42 MP: 5/5
  4097 | D:4      | Found a burning altar of Makhleb.
  4239 | D:4      | Noticed a black bear
  4257 | D:4      | Killed a black bear
  4258 | D:4      | Reached XP level 6. HP: 20/48 MP: 6/6
  5077 | D:4      | Found a snail-covered altar of Cheibriados.
  5233 | D:4      | Found Igietsut's Neck Hole.
  5417 | D:5      | Entered Level 5 of the Dungeon
  5426 | D:5      | Noticed Prince Ribbit
  5442 | D:5      | Noticed Pikel
  5451 | D:4      | Killed Prince Ribbit
  5452 | D:4      | Reached skill level 5 in Polearms
  5452 | D:4      | Gained mutation: You have a pair of horns on your head.
                  | [demonic ancestry]
  5452 | D:4      | Reached XP level 7. HP: 7/55 MP: 7/7
  5803 | D:5      | Noticed Edmund
  6011 | D:5      | Killed Pikel
  6012 | D:5      | Reached skill level 5 in Fighting
  6012 | D:5      | Reached XP level 8. HP: 38/62 MP: 8/8
  6206 | D:5      | Killed Edmund
  6206 | D:5      | Reached *** piety under Trog
  6382 | D:5      | Found Uzxepn's Antique Weapon Shoppe.
  6531 | D:5      | Found Nudwis's Weapon Shoppe.
  6898 | D:5      | Found a staircase to the Ecumenical Temple.
  6953 | D:5      | Found a hide-covered altar of Uskayaw.
  7057 | D:6      | Identified a scroll of acquirement
  7057 | D:6      | Acquired the ring of Allooga {+Blink rC+}
  8100 | D:6      | Found a shimmering altar of Xom.
  8103 | D:6      | Found a stormy altar of Qazlal.
  8434 | D:6      | Reached skill level 5 in Armour
  8546 | D:6      | Reached skill level 5 in Dodging
  8596 | D:6      | Found a blossoming altar of Fedhas.
  8626 | D:6      | Gained mutation: You are partially covered in molten
                  | scales. (AC +2) [demonic ancestry]
  8626 | D:6      | Reached XP level 9. HP: 69/69 MP: 9/9
  9151 | D:7      | Reached skill level 1 in Shields
 10856 | D:8      | Found a sand-covered staircase.
 10862 | Ossuary  | Entered an ossuary
 10878 | Ossuary  | Reached **** piety under Trog
 11877 | D:8      | Gained mutation: You have a pair of large horns on your
                  | head. [demonic ancestry]
 11877 | D:8      | Reached XP level 10. HP: 45/71 MP: 10/10
 12118 | D:8      | Noticed Maggie
 12129 | D:8      | Killed Maggie
 12449 | D:5      | Bought a runed hunting sling for 90 gold pieces
 12557 | D:9      | Found Vawukhlo's Jewellery Shoppe.
 14698 | D:10     | Entered Level 10 of the Dungeon
 14779 | D:10     | Noticed a two-headed ogre
 14788 | D:10     | Killed a two-headed ogre
 15141 | D:10     | Found an opulent altar of Gozag.
 15469 | D:10     | Gained mutation: Spells you cast may paralyse nearby
                  | enemies. [demonic ancestry]
 15469 | D:10     | Reached XP level 11. HP: 86/86 MP: 11/11
 16138 | D:10     | Reached ***** piety under Trog
 16342 | D:10     | Found a staircase to the Orcish Mines.
 16551 | D:10     | Reached skill level 10 in Polearms
 16555 | D:10     | Noticed a cyan ugly thing
 16555 | D:10     | Noticed a two-headed ogre
 16561 | D:10     | Killed a two-headed ogre
 16573 | D:10     | Noticed a death knight
 16933 | D:10     | Killed a cyan ugly thing
 17527 | D:10     | Killed a death knight
 17843 | D:11     | Reached skill level 5 in Shields
 17874 | D:11     | Found a staircase to the Lair.
 18112 | D:11     | Noticed a boulder beetle
 18526 | D:11     | Noticed Harold
 18543 | D:11     | Killed Harold
 18572 | D:11     | Noticed a boulder beetle
 19159 | D:10     | Killed a boulder beetle
 20491 | Lair:1   | Entered Level 1 of the Lair of Beasts
 20576 | Lair:1   | Reached XP level 12. HP: 85/94 MP: 12/12
 22097 | Lair:2   | Noticed a five-headed hydra
 22111 | Lair:2   | Killed a five-headed hydra
 22509 | Lair:2   | Noticed Gastronok
 22527 | Lair:2   | Killed Gastronok
 22593 | Lair:2   | Found a staircase to the Snake Pit.
 23428 | Lair:2   | Found a shimmering altar of Xom.
 24259 | Lair:3   | Gained mutation: You sometimes gain power by taking damage.
                  | [demonic ancestry]
 24259 | Lair:3   | Reached XP level 13. HP: 103/103 MP: 13/13
 24418 | Lair:3   | Found a staircase to the Shoals.
 24452 | Lair:3   | Identified the +7 hand axe of the Countless Visions {pain,
                  | rF++}
 24460 | Lair:3   | Acquired the ring of Tulips {rF++ rN+++ rCorr EV+4 Str-4}
 24520 | Lair:3   | Reached skill level 10 in Fighting
 26712 | Lair:4   | Identified the +0 pair of gloves "Zuaschiu" {Str+3}
 27287 | Lair:5   | Received a gift from Trog
 27288 | Lair:5   | Reached skill level 1 in Throwing
 27330 | Lair:5   | Reached XP level 14. HP: 104/111 MP: 14/14
 27340 | Lair:5   | Found a dark tunnel.
 27341 | Lair:5   | You fall into a shaft and drop 1 floor!
 27341 | Lair:6   | Entered Level 6 of the Lair of Beasts
 27504 | Volcano  | Entered a volcano
 27651 | Volcano  | Reached skill level 10 in Dodging
 27949 | Lair:5   | Reached XP level 15. HP: 119/119 MP: 15/15
 28697 | Lair:6   | Reached skill level 10 in Armour
 28876 | Lair:6   | Received a gift from Trog
 29096 | Lair:6   | Found a staircase to the Slime Pits.
 29125 | Lair:6   | Noticed Urug
 29128 | Lair:6   | Identified the +1 robe of the Lion {rF+}
 29141 | Lair:6   | Killed Urug
 29187 | Lair:6   | Noticed Josephine
 29200 | Lair:6   | Killed Josephine
 30179 | D:12     | Identified the +12 spear "Wuttiaj" {vorpal, *Corrode Will+
                  | Int+4}
 30747 | D:13     | Reached ****** piety under Trog
 30792 | D:13     | Found Gezxubus's Antique Armour Emporium.
 30941 | D:13     | Found a flagged portal.
 30955 | Bailey   | Entered a bailey
 31374 | Bailey   | Acquired a manual of Throwing
 31376 | Bailey   | Identified the +5 long sword of Slime {vamp, rElec rPois
                  | rN++ Stlth-}
 31662 | D:13     | Noticed Snorg
 31680 | D:13     | Killed Snorg
 31881 | D:13     | Reached XP level 16. HP: 128/128 MP: 16/16
 31902 | D:13     | Received a gift from Trog
 32007 | D:13     | Found a gate to the Vaults.
 33982 | D:15     | Entered Level 15 of the Dungeon
 34107 | D:15     | Identified the amulet of Wyam {rElec Will- Regen+ Str+2}
 34592 | D:15     | Found a staircase to the Depths.
 35193 | Orc:1    | Entered Level 1 of the Orcish Mines
 35273 | Orc:1    | Reached skill level 10 in Shields
 35492 | Orc:2    | Entered Level 2 of the Orcish Mines
 35541 | Orc:2    | Found Veki Ego's Armour Shoppe.
 35587 | Orc:2    | Noticed Azrael
 35630 | Orc:1    | Killed Azrael
 35722 | Orc:2    | Found Mohyusun's General Store.
 35757 | Orc:2    | Found Iroz Pio's Book Shoppe.
 35810 | Orc:2    | Noticed Nessos
 35828 | Orc:2    | Killed Nessos
 35879 | Orc:2    | Found Ynnefoj's Antique Armour Shoppe.
 35912 | Orc:2    | Found a staircase to the Elven Halls.
 35940 | Orc:1    | Received a gift from Trog
 36302 | Orc:1    | Paralysed by an orc sorcerer for 7 turns
 36576 | Orc:2    | Found Lasuimm's Antique Weapon Shop.
 36929 | Orc:2    | Bought a pair of glowing boots for 262 gold pieces
 37137 | Snake:1  | Entered Level 1 of the Snake Pit
 37138 | Snake:1  | Found Miotiuru's Assorted Antiques.
 37486 | Snake:1  | Gained mutation: You are mostly covered in molten scales.
                  | (AC +3) [demonic ancestry]
 37486 | Snake:1  | Reached XP level 17. HP: 139/139 MP: 17/17
 37519 | Snake:1  | Bought a scroll of blinking for 157 gold pieces
 37532 | Snake:1  | Found Eppec's Weapon Shoppe.
 37717 | Snake:1  | Found Giecoykk's Magic Scroll Shop.
 37724 | Snake:1  | Bought a scroll of blinking for 135 gold pieces
 37994 | Snake:1  | Found Jiameak's Weapon Emporium.
 38030 | Snake:1  | Reached skill level 10 in Throwing
 38212 | Snake:1  | Identified the +6 leather armour of the Orange Skies {rCorr
                  | Dex-2 Stlth+}
 38319 | Snake:2  | Identified the ring of Midwinter {Will+ Int+6 Dex+4 SInv}
 38351 | Snake:2  | Noticed Kirke
 38874 | Snake:2  | Killed Kirke
 38895 | Snake:2  | Received a gift from Trog
 40000 | Snake:3  | Killed from afar by a shock serpent

Illustrated notes

Levels and vault maps discovered:
D:1:      sevenhm_arrival_forest_fort_large_2, layout_basic
D:2:      layout_rooms, basic_altar
D:3:      layout_loops_ring, mainiacjoe_overflow_divided_tiny,
          hellmonk_ecumenical_altar_inner_sanctum, kennysheep_generic_room_16,
          uniq_robin
D:4:      layout_cave_pools, kennysheep_slug_shrine, lemuel_round_altar,
          kennysheep_mini_moat, nicolae_shop_sticking_my_neck_out
D:5:      layout_loops_ring, kennysheep_mini, minmay_temple_entry_proselytizer,
          serial_shops, shop_statue, nicolae_shop_behind_doors, uniq_edmund,
          uniq_prince_ribbit1, uniq_pikel
D:6:      layout_basic, fedhas_altar_3, jmf_multi_god_temple
D:7:      minmay_thinvault, layout_basic
D:8:      layout_basic, enter_ossuary_3, uniq_maggie
D:9:      corexii_shack_village, layout_rooms, serial_shops,
          nicolae_stop_n_shop_1, kennysheep_pointless_box,
          roderic_serpentine_path
D:10:     minmay_chambers_of_sixes, layout_gridville,
          mainiacjoe_overflow_small_starburst, elyvilon_altar_1, erik_orc_1
D:11:     layout_rooms, david_lair_generic, grunt_decor_cap, uniq_harold
D:12:     layout_basic
D:13:     layout_basic, david_vaults_4, enter_bailey_5, serial_shops,
          nicolae_shop_overgrown_old_shop, hangedman_weighted_door, uniq_snorg
D:14:     thingy_vault, layout_gridville, nicolae_twisting_strands
D:15:     hangedman_depths_entry_try_elsewhere_first, layout_basic,
          bh_walls_and_bars
Lair:1:   layout_regular_city, lemuel_fruit_fields
Lair:2:   layout_cave_pods, minmay_snake_entry_six_corridors, basic_altar,
          serial_bayou_shore_a, uniq_gastronok
Lair:3:   nzn_winding_woodlands_huge [nzn_winding_woodlands_5x15_pathside_ponds,
          nzn_winding_woodlands_5x15_cabin,
          nzn_winding_woodlands_5x15_lazy_stream,
          nzn_winding_woodlands_5x15_longhouse,
          nzn_winding_woodlands_5x15_jagged, nzn_winding_woodlands_5x15_zeroes,
          nzn_winding_woodlands_5x15_pool, nzn_winding_woodlands_5x15_eye,
          nzn_winding_woodlands_5x15_split_checker,
          nzn_winding_woodlands_5x15_sawtooth,
          nzn_winding_woodlands_center_garden,
          nzn_winding_woodlands_center_pierced_h,
          nzn_winding_woodlands_15x15_eel_pit], layout_long_grid,
          elwin_shoals_entry_rocks
Lair:4:   layout_cave_shapes, st_stairs_7, grunt_megastairs_1,
          infiniplex_staircase_pool_2
Lair:5:   layout_cave_shapes, nicolae_volcano_entry_batcave, minivault_23,
          serial_bayou_shore_b
Lair:6:   hangedman_lair_tendril_chambers, layout_layer_cave, slime_dummy,
          infiniplex_staircase_pool, lemuel_fruit_fields, uniq_urug,
          uniq_josephine
Snake:1:  layout_misc_corridors, serial_shops, shop, nicolae_take_the_stairs,
          shop_fountains, shop, nicolae_snake_gridmaze_swirls,
          nicolae_snake_snakes_in_the_grass
Snake:2:  layout_grid_shapes, uniq_kirke
Snake:3:  cheibrodos_toxic_ritual, layout_basic, serial_shops, shop,
          nicolae_snake_magic_snake_eye
Orc:1:    layout_caves, nicolae_orc_pool_cavern
Orc:2:    grunt_orc_gardens, layout_caves, grunt_orc_garden, grunt_orc_garden,
          grunt_orc_garden, grunt_orc_garden, serial_shops,
          nicolae_shop_crystal, nicolae_orc_tapped_out, uniq_azrael, uniq_nessos

Skill      XL: |  1  2  3  4  5  6  7  8  9 10 11 12 13 14 15 16 17 |
---------------+----------------------------------------------------+-----
Polearms       | 3 4 5 6 7 8 9 11 12 13 14 | 14.0
Armour         | 2 3 4 5 6 7 8 9 10 11 | 11.7
Dodging        | 2 3 4 5 6 7 8 9 10 11 | 11.8
Fighting       | 4 5 6 7 8 9 10 11 12 14 | 14.7
Shields        | 2 4 5 7 8 9 10 | 10.7
Throwing       | 1 6 7 9 10 | 10.7

Action                   |  1- 3 |  4- 6 |  7- 9 | 10-12 | 13-15 | 16-18 || total
-------------------------+-------+-------+-------+-------+-------+-------++-------
Melee: Spear             |   131 |    63 |    46 |       |       |       ||   240
       Headbutt          |    10 |     8 |    63 |   175 |   256 |   193 ||   705
       Trident           |       |       |   295 |   921 |   609 |       ||  1825
       Hunting sling     |       |       |     4 |       |       |       ||     4
       Demon trident     |       |       |       |       |   779 |   992 ||  1771
 Fire: Hunting sling     |    17 |    59 |   155 |   139 |    69 |    11 ||   450
Throw: Dart              |       |     3 |       |       |       |       ||     3
       Stone             |       |       |     1 |     2 |       |       ||     3
       Boomerang         |       |       |       |       |    18 |    57 ||    75
Invok: Berserk           |     2 |     5 |    16 |    20 |     6 |     7 ||    56
       Trog's Hand       |       |       |     2 |     2 |     3 |     3 ||    10
  Use: Scroll            |     4 |     2 |    10 |    12 |    12 |     7 ||    47
       Potion            |       |       |       |     1 |     2 |       ||     3
 Stab: Sleeping          |     2 |       |       |       |       |       ||     2
       Distracted        |     1 |       |       |       |       |       ||     1
Armor: Animal skin       |     4 |       |       |       |       |       ||     4
       Leather armour    |    11 |    17 |       |       |       |       ||    28
       Ring mail         |       |     4 |    16 |       |       |       ||    20
       Plate armour      |       |       |   225 |   498 |   622 |   431 ||  1776
Dodge: Dodged            |    47 |    58 |    88 |   158 |   422 |   297 ||  1070
Block: Tower shield      |       |       |   162 |   745 |  1084 |   857 ||  2848
